AoeStats
← 大王同学

QS Arena

503125646Analyzed
4v4 RM · 1mo ago on Aug 30, 2026· 49m 45s· 8 players
Game mode
Random Map
Map size
Large (8 player)
Population
200
Speed
Normal
Resources
Standard
Victory
Conquest
Starting age
Dark Age
Ending age
Imperial Age
RankedLock teamsTeams togetherTeam positionsShared explorationLock speedFull tech treeHidden civsTurbo modeCheats
Victory
Defeat
🇭🇰 Italians · Hong Kong SAR China
1313
+7
🇺🇸 Portuguese · United States
1188
+12
🇨🇳 Persians · China
1000
+67
🇨🇳 Teutons · China
989
+21
🇬🇧 Georgians · United Kingdom
1130
-16
🇨🇳 Chinese · China
1112
-16
🇨🇳 Burmese · China
1090
-15
🇨🇳 Vikings · China
1090
-15
T - T
1:02 Loom
7:49 Feudal Age
12:16 Castle Age
10:49 Double-Bit Axe
11:49 Horse Collar
21:46 Bow Saw
21:38 Heavy Plow
23:39 Wheelbarrow
27:12 Imperial Age
25:02 Fletching
25:13 Padded Archer Armor
25:35 Ballistics
25:27 Masonry
25:09 Town Watch
25:22 Gold Mining
26:32 Bodkin Arrow
26:53 Leather Archer Armor
27:08 Thumb Ring
29:00 Chemistry
28:30 Architecture
28:17 Bracer
30:48 Elite Skirmisher
32:17 Ring Archer Armor
32:16 Conscription
32:43 Elite Chu Ko Nu
35:36 Forging
35:27 Scale Mail Armor
34:52 Pikeman
35:32 Squires
37:27 Iron Casting
36:19 Halberdier
36:45 Arson
37:53 Chain Mail Armor
39:47 Blast Furnace
46:38 Two-Man Saw
48:02 Coinage
MartinusV
8:02 Feudal Age
9:39 Loom
12:34 Castle Age
10:44 Double-Bit Axe
11:13 Horse Collar
18:57 Town Watch
19:51 Wheelbarrow
22:00 Heavy Plow
22:15 Bow Saw
22:00 Gold Mining
24:13 Hand Cart
27:23 Imperial Age
25:15 Svan Towers
25:05 Fletching
27:28 Bodkin Arrow
28:14 Bracer
28:06 Guard Tower
28:02 Arrowslits
28:38 Ballistics
28:01 Treadmill Crane
28:49 Conscription
31:07 Keep
31:01 Padded Archer Armor
32:50 Forging
32:46 Scale Barding Armor
33:57 Chemistry
33:28 Husbandry
34:18 Iron Casting
33:12 Cavalier
34:41 Fortified Wall
34:27 Murder Holes
34:44 Masonry
34:40 Siege Engineers
34:48 Bloodlines
34:23 Pikeman
35:04 Squires
35:49 Aznauri Cavalry
35:31 Halberdier
36:13 Light Cavalry
37:57 Blast Furnace
37:17 Chain Barding Armor
37:02 Hussar
38:36 Stone Mining
39:19 Arson
39:37 Scale Mail Armor
40:09 Architecture
2457184173
8:22 Feudal Age
12:49 Castle Age
10:47 Horse Collar
11:16 Double-Bit Axe
12:09 Man-at-Arms
14:12 Heavy Plow
17:38 Gambesons
17:41 Long Swordsman
20:52 Forging
22:33 Scale Mail Armor
23:09 Iron Casting
25:30 Chain Mail Armor
25:14 Gold Mining
27:25 Gold Shaft Mining
29:46 Arson
31:21 Squires
35:16 Imperial Age
32:59 Chieftains
32:24 Pikeman
34:02 Bow Saw
37:15 Two-Man Saw
37:42 Blast Furnace
37:13 Plate Mail Armor
37:26 Conscription
36:45 Onager
38:35 Fletching
40:13 Bodkin Arrow
41:16 Bracer
42:15 Two-Handed Swordsman
44:26 Capped Ram
44:31 Champion
45:36 Siege Ram
YurissOvo
10:10 Feudal Age
15:05 Castle Age
16:41 Fervor
16:42 Redemption
16:55 Sanctity
17:36 Sanctity
17:56 Devotion
25:43 Wheelbarrow
24:54 Loom
25:39 Atonement
35:07 Imperial Age
33:06 Fletching
33:17 Padded Archer Armor
34:06 Horse Collar
34:00 Man-at-Arms
34:26 Gambesons
35:49 Hand Cart
36:54 Block Printing
37:00 Faith
37:35 Howdah
37:56 Conscription
39:20 Chemistry
38:40 Ballistics
38:32 Masonry
38:03 Treadmill Crane
38:19 Murder Holes
38:45 Ballistics
39:39 Manipur Cavalry
40:06 Town Watch
40:19 Bodkin Arrow
40:25 Padded Archer Armor
40:35 Forging
40:31 Scale Barding Armor
40:26 Scale Mail Armor
41:29 Illumination
41:41 Architecture
41:14 Bracer
41:18 Heavy Plow
44:02 Bloodlines
43:53 Husbandry
43:14 Light Cavalry
44:47 Iron Casting
44:32 Chain Barding Armor
44:27 Chain Mail Armor
46:13 Hussar
蓝色村民
8:32 Feudal Age
12:16 Castle Age
10:34 Double-Bit Axe
10:43 Horse Collar
14:47 Bow Saw
17:53 Wheelbarrow
19:56 Heavy Plow
20:18 Gold Mining
21:34 Forging
21:29 Scale Barding Armor
22:29 Hand Cart
22:40 Loom
24:22 Bloodlines
24:13 Husbandry
23:54 Pikeman
24:20 Gambesons
24:35 Squires
27:42 Imperial Age
26:32 Iron Casting
26:18 Chain Barding Armor
27:40 Cavalier
30:10 Blast Furnace
29:45 Plate Barding Armor
31:24 Conscription
30:33 Savar
33:57 Stone Mining
34:44 Gold Shaft Mining
34:55 Ballistics
34:47 Masonry
40:17 Capped Ram
42:10 Siege Ram
45:10 Crop Rotation
45:43 Two-Man Saw
47:48 Thumb Ring
47:04 Elite Skirmisher
49:30 Scale Mail Armor
大王同学
8:54 Feudal Age
12:42 Castle Age
10:39 Double-Bit Axe
10:36 Horse Collar
17:48 Wheelbarrow
19:09 Bow Saw
24:13 Imperial Age
21:56 Gold Mining
22:06 Stone Mining
22:07 Loom
22:16 Fletching
22:50 Ballistics
22:50 Padded Archer Armor
23:13 Bodkin Arrow
23:37 Masonry
24:32 Stone Shaft Mining
24:31 Leather Archer Armor
25:53 Chemistry
25:05 Bracer
26:32 Ring Archer Armor
27:11 Conscription
29:00 Thumb Ring
30:04 Hand Cart
29:35 Town Watch
29:52 Elite Skirmisher
30:31 Elite Genoese Crossbowman
32:57 Pirotechnia
34:08 Architecture
35:46 Hoardings
37:10 Scale Barding Armor
37:16 Forging
38:48 Two-Man Saw
38:17 Chain Barding Armor
37:28 Light Cavalry
38:18 Bloodlines
38:09 Husbandry
38:23 Hussar
39:40 Iron Casting
40:53 Plate Barding Armor
41:18 Blast Furnace
鱼塘里的鱼儿
8:43 Loom
10:28 Feudal Age
12:09 Double-Bit Axe
12:06 Horse Collar
12:25 Gold Mining
13:30 Wheelbarrow
15:19 Castle Age
15:38 Town Watch
17:12 Hand Cart
17:12 Heavy Plow
17:27 Bow Saw
17:38 Town Watch
20:55 Imperial Age
18:47 Heavy Plow
19:06 Stone Mining
19:45 Bow Saw
20:06 Hand Cart
22:52 Stone Shaft Mining
26:56 Conscription
26:59 Fletching
27:39 Bodkin Arrow
28:30 Coinage
28:57 Elite Organ Gun
29:57 Bow Saw
31:42 Banking
31:28 Circumnavigation
32:03 Bracer
33:34 Arquebus
36:31 Chemistry
36:07 Ballistics
36:40 Devotion
37:53 Siege Engineers
37:59 Masonry
38:12 Bombard Tower
41:59 Masonry
45:43 Two-Man Saw
45:15 Crop Rotation
45:06 Treadmill Crane
45:56 Architecture
45:23 Murder Holes
45:31 Scale Mail Armor
wujiang
9:08 Feudal Age
10:24 Double-Bit Axe
10:21 Horse Collar
13:43 Castle Age
12:07 Gold Mining
12:08 Man-at-Arms
13:39 Scale Mail Armor
13:51 Long Swordsman
15:43 Bow Saw
16:53 Gambesons
27:14 Squires
27:54 Wheelbarrow
31:48 Wheelbarrow
35:13 Hand Cart
35:34 Stone Mining
37:05 Heresy
40:15 Imperial Age
37:32 Loom
39:24 Stone Shaft Mining
40:21 Ballistics
40:38 Capped Ram
41:02 Heavy Scorpion
43:03 Conscription
44:43 Chemistry
43:50 Siege Engineers
46:48 Chain Mail Armor
46:43 Forging
48:24 Plate Mail Armor
48:45 Two-Handed Swordsman
50:25 Heavy Plow
Connection lost

Rejoining the realm…

Still unreachable

The connection could not be restored.

Session expired

The server has moved on; the page needs a fresh start.